 Dungeon Crawl Stone Soup version 0.22-a0-799-g88f5e90 (webtiles) character file.

25 iamserjio the Firebug (level 3, -6/19 HPs)
             Began as a Tengu Fire Elementalist on July 21, 2018.
             Mangled by an ogre
             ... wielding a +0 giant club
              (25 damage)
             ... on level 2 of the Dungeon.
             The game lasted 00:03:27 (448 turns).

iamserjio the Firebug (Tengu Fire Elementalist)      Turns: 448, Time: 00:03:27

Health: -6/19      AC:  2    Str:  8    XL:     3   Next: 6%
Magic:  7/7        EV: 12    Int: 16    God:
Gold:   28         SH:  0    Dex: 14    Spells: 5/6 levels left

rFire    . . .     SeeInvis .   (no weapon)
rCold    . . .     Gourm    .   (no shield)
rNeg     . . .     Faith    .   a - +0 robe
rPois    .         Spirit   .   (helmet restricted)
rElec    .         Reflect  .   (no cloak)
rCorr    .         Harm     .   (no gloves)
MR       .....                  (boots unavailable)
Stlth    ++........             (no amulet)
HPRegen  0.06/turn              (no ring)
MPRegen  0.10/turn              (no ring)

@: no status effects
A: beak, talons 3
a: no special abilities


You were on level 2 of the Dungeon.
You were not hungry.

You visited 1 branch of the dungeon, and saw 3 of its levels.

You collected 28 gold pieces.

Inventory:

Hand Weapons
 g - a +0 short sword
Missiles
 f - 16 arrows
Armour
 a - a +0 robe (worn)
Scrolls
 b - a scroll of teleportation {unknown}
 d - a scroll of amnesia {unknown}
 h - a scroll of random uselessness {unknown}
 j - a scroll of noise {unknown}
 l - a scroll of magic mapping {unknown}
 m - a scroll of remove curse {unknown}
Potions
 e - 2 potions of curing {unknown}
 i - a potion of might {unknown}
 k - a potion of berserk rage {unknown}
 n - a potion of flight {unknown}
Comestibles
 c - 2 rations


   Skills:
 - Level 2.1 Dodging
 - Level 2.0 Stealth
 - Level 2.0 Spellcasting
 * Level 3.3 Conjurations
 + Level 3.7 Fire Magic


You had 5 spell levels left.
You knew the following spells:

 Your Spells              Type           Power        Failure   Level  Hunger
a - Flame Tongue          Conj/Fire      ##...        4%          1    #......

Your spell library contained the following spells:

 Spells                   Type           Power        Failure   Level  Hunger
 Fireball                 Conj/Fire      ##........   80%         5    ######.
 Conjure Flame            Conj/Fire      ##......     14%         3    ###....
 Throw Flame              Conj/Fire      ##....       8%          2    ###....
 Sticky Flame             Conj/Fire      ##......     43%         4    #####..
 Inner Flame              Hex/Fire       #.......     28%         3    ###....


Dungeon Overview and Level Annotations

Branches:
Dungeon (3/15)

Altars:
Wu Jian


Innate Abilities, Weirdness & Mutations

You have a beak for a mouth.
You have claws for feet.


Message History

The ogre shouts!
You see here a murky yellow potion.
n - a murky yellow potion
There is a stone staircase leading up here.
The ogre hits you with a giant club.
You climb upwards.
There is a stone staircase leading down here.
There is a stone staircase leading up here.
You aren't carrying any items that you can evoke.
Unknown command.
Sorry, you're not good enough to have a special ability.
Unknown command.
The ogre completely misses you.
Wield which item (- for none, * to show all)? (? for menu, Esc to quit)
Okay, then.
You are now empty-handed.
There is a stone staircase leading down here.
The ogre hits you with a giant club!!
Ouch! That really hurt!
You die...

#. ####...
#.####....##
########.##...##.##...
#.............##.#....
#.# #......._.. #.# #
#.##.#....# #.# ####.#
#.##.#...## #<# #....#
#.##.###... #.# #@#
#.##.....## #.# #O#
#.######.## #.# #.#
#......#.## #.#
#.###########...# #.#
#......# #.###
#.###>.###.######.####
#.#.....##..........(.
#.#.....##..<...(...##
#.#)........###.....#


You could see an ogre.

Vanquished Creatures
  An ooze (D:1)
  A dart slug (D:1)
  A leopard gecko (D:2)
  A bat (D:1)
  2 giant cockroaches
  2 goblins
  3 hobgoblins
  2 kobolds (D:2)
  A quokka (D:2)
  A ball python (D:1)
  2 rats (D:2)
17 creatures vanquished.

Notes
Turn   | Place    | Note
-------+----------+-------------------------------------------
     0 | D:1      | iamserjio the Tengu Fire Elementalist began the quest for the Orb.
     0 | D:1      | Reached XP level 1. HP: 10/10 MP: 4/4
    73 | D:1      | Reached XP level 2. HP: 7/15 MP: 0/6
   111 | D:2      | Found an ornate altar of the Wu Jian Council.
   277 | D:2      | Reached XP level 3. HP: 11/19 MP: 4/7
   333 | D:3      | Noticed an ogre
   448 | D:2      | Mangled by an ogre

Vault maps used:
D:1:      scummos_arrival_checkerplants
D:2:      minmay_door_path, nicolae_overflow_crystal_walls, first_ration
D:3:      fedhas_altar_2

Skill      XL: |  1  2 |
---------------+-------+-----
Conjurations   | 2 3 |  3.3
Dodging        | |  2.1
Stealth        | |  2.0
Spellcasting   | |  2.0
Fire Magic     | |  3.7

Action                   || total
-------------------------++-------
Melee: Unarmed           ||    25
       Kick              ||     7
       Peck              ||     2
       Short sword       ||     9
 Cast: Flame Tongue      ||    18
 Stab: Sleeping          ||     2
Armor: Robe              ||     4
Dodge: Dodged            ||    29

Table legend:
 A = Spawn XP
 B = Non-spawn XP
 C = Spawn XP percentage of total XP
 D = Spawn monster count
 E = Non-spawn monster count
 F = Spawn count percentage of total count
 G = Total turns spent on level
                    A         B        C        D         E        F      G
               +---------+---------+-------+---------+---------+-------+---------
         Total |       0 |      37 |   0.0 |       0 |      17 |   0.0 |   448
               +---------+---------+-------+---------+---------+-------+---------
           D:1 |       0 |      18 |   0.0 |       0 |       6 |   0.0 |   112
           D:2 |       0 |      16 |   0.0 |       0 |       9 |   0.0 |   274
           D:3 |       0 |       3 |   0.0 |       0 |       2 |   0.0 |    62
               +---------+---------+-------+---------+---------+-------+---------
